 Dungeon Crawl Stone Soup version 0.18.1-48-g4cf74bf (webtiles) character file.

1821 Qew7 the Shield-Bearer (level 8, -6/78 HPs)
             Began as a Deep Dwarf Fighter on Aug 21, 2016.
             Mangled by a hill giant
             ... wielding a +0 giant club
              (32 damage)
             ... on level 6 of the Dungeon on Aug 22, 2016.
             The game lasted 00:41:23 (5894 turns).

Qew7 the Shield-Bearer (Deep Dwarf Fighter)         Turns: 5894, Time: 00:41:24

Health: -6/78      AC:  5    Str: 23    XL:     8   Next: 85%
Magic:  8/8        EV: 12    Int:  8    God:    Xom [..*...]
Gold:   139        SH:  0    Dex: 12    Spells: 0 memorised, 7 levels left

rFire  x . .     SeeInvis .     (weapon currently unavailable)
rCold  + + +     Gourm    .     (armour currently unavailable)
rNeg   . . .     Faith    .     (shield currently unavailable)
rPois  +         Spirit   .     (helmet currently unavailable)
rElec  .         Dismiss  .     (cloak currently unavailable)
rCorr  .         Reflect  .     (gloves currently unavailable)
SustAt +         Harm     .     (boots currently unavailable)
MR     +....                    (no amulet)
Stlth  ++........               n - +2 ring of strength
                                h - ring of sustain attributes

@: ice-form, non-regenerating, somewhat resistant to hostile enchantments,
unstealthy
A: damage resistance, recharge devices, deterioration 1, frail 1, sense
surroundings 1, slow regeneration 3, weak 1
a: Device Recharging, Renounce Religion


You were on level 6 of the Dungeon.
You worshipped Xom.
You were a toy of Xom.
You were not hungry.
You were a creature of crystalline ice.
You visited 1 branch of the dungeon, and saw 6 of its levels.

You collected 277 gold pieces.
You spent 138 gold pieces at shops.

Inventory:

Hand Weapons
 a - a +1 war axe
 d - a +2 scythe of freezing
 i - a +0 spear of distortion
 t - a +0 flail
 u - a +2 flail of protection (melded)
 w - a +2 hand axe of venom
 B - a +2 antimagic morningstar
Missiles
 r - 3 tomahawks (quivered)
Armour
 b - a +0 scale mail
 c - a +1 shield
 f - a +2 robe
 k - a +2 robe of fire resistance
 q - a +2 shield (melded)
 v - a +2 ring mail (melded)
 x - a +2 pair of gloves (melded)
 z - a +3 leather armour of cold resistance
Jewellery
 h - a ring of sustain attributes (left front paw)
 n - a +2 ring of strength (right front paw)
Wands
 e - a wand of heal wounds (1/9)
Scrolls
 j - 5 scrolls of identify
 m - 2 scrolls of recharging
 o - 3 scrolls of remove curse
 y - a scroll of enchant armour
Potions
 l - a potion of lignification
Books
 A - a book of Necromancy

   Spells                             Type                      Level
   a - Pain                           Necromancy                   1
   b - Animate Skeleton               Necromancy                   1
   c - Vampiric Draining              Necromancy                   3
   d - Regeneration                   Charms/Necromancy            3
   e - Animate Dead                   Necromancy                   4
   f - Control Undead                 Necromancy                   4
Comestibles
 g - a slice of pizza
 p - 3 meat rations
 s - a beef jerky


   Skills:
 + Level 4.9 Fighting
 + Level 6.0(6.2) Axes
 + Level 2.1(4.1) Maces & Flails
 + Level 0.5 Throwing
 + Level 6.0 Armour
 + Level 5.1 Dodging
 + Level 1.5 Stealth
 + Level 6.7 Shields
 + Level 1.0 Evocations


You had 7 spell levels left.
You didn't know any spells.

Dungeon Overview and Level Annotations

Branches:
Dungeon (6/15)
 Temple: D:4-7

Altars:
Ashenzari
Cheibriados
Gozag
Makhleb
Trog
Vehumet
Xom

Shops:
D:4 ?


Innate Abilities, Weirdness & Mutations

You are resistant to damage.
You can recharge devices by infusing magical energy.
You passively map a small area around you.
You do not regenerate naturally.
Your body sometimes deteriorates upon taking damage.
You are frail (-10% HP).
You are weak. (Str -2)


Message History

The hill giant hits your orc with a giant club!!
Your orc dies!
Your orc's corpse dissolves into shadows!
You have no means to grasp a wand firmly enough.
You swap places.
Something hits your orc!!
Your orc dies!
Your orc's corpse dissolves into shadows!
You start waiting.
Your orc hits the hill giant with a trident.
A hill giant is nearby!
A hill giant is nearby!
A hill giant is nearby!
The hill giant hits your orc with a giant club!!
Your orc dies!
Your orc's corpse dissolves into shadows!
You punch the hill giant! You freeze the hill giant.
The hill giant is heavily wounded.
The hill giant hits you with a giant club!!
You die...
Xom titters!

..##..., , *
.(##.# * * * *
.....# .....#
.....#
.....#############
.....†......5...5#
.....###########C#
###### ### #Y# #<#
#.# #.# #.#
#.####.# #......#
########


You could see a hill giant and a crimson imp.

Vanquished Creatures
  Sigmund (D:5)
  Edmund (D:4)
  A sky beast (D:5)
  4 ogres
  A big kobold (D:5)
  A giant frog (D:6)
  Blork the orc (D:5)
  2 centaur skeletons
  A hound (D:5)
  2 orc priests
  A jelly (D:6)
  3 orc wizards
  3 worker ants
  10 gnolls (D:5)
  8 adders
  A shadow imp (D:5)
  2 oozes
  3 worms
  2 dart slugs
  2 giant geckos (D:1)
  15 orcs
  3 ball pythons
  5 giant cockroaches
  36 goblins
  33 hobgoblins
  A jackal (D:3)
  A quokka (D:5)
  9 bats
  A giant newt (D:5)
  12 kobolds
  7 rats
  2 plants (D:1)
175 creatures vanquished.

Vanquished Creatures (collateral kills)
  Grinder (D:5)
  Eustachio (D:5)
  4 slaves (D:5)
  An orc priest (D:5)
  An orc wizard (D:4)
  A shadow imp (D:6)
  An adder skeleton (D:5)
  3 orcs
  A goblin (D:3)
14 creatures vanquished.

Vanquished Creatures (others)
  A wizard (D:3)
1 creature vanquished.

Grand Total: 190 creatures vanquished

Notes
Turn   | Place    | Note
--------------------------------------------------------------
     0 | D:1      | Qew7 the Deep Dwarf Fighter began the quest for the Orb.
     0 | D:1      | Reached XP level 1. HP: 20/20 MP: 1/1
   238 | D:1      | Reached XP level 2. HP: 24/27 MP: 2/2
   611 | D:1      | Reached XP level 3. HP: 26/34 MP: 3/3
   931 | D:2      | Found a burning altar of Makhleb.
   931 | D:2      | Found a shimmering altar of Xom.
   939 | D:2      | Became a worshipper of Xom of Swiftly Tilting Intent
  1093 | D:2      | Found a radiant altar of Vehumet.
  1212 | D:2      | XOM: divination: detect creatures
  1319 | D:2      | Found an opulent altar of Gozag.
  1414 | D:2      | Reached skill level 1 in Dodging
  1425 | D:2      | Reached XP level 4. HP: 42/42 MP: 4/4
  1548 | D:2      | XOM: silly message
  1563 | D:2      | XOM: mild Fire miscast
  1586 | D:2      | XOM: divination: magic mapping
  1623 | D:2      | XOM: harmless Summ miscast
  1919 | D:2      | XOM: mild Pois miscast
  1943 | D:3      | Found a snail-covered altar of Cheibriados.
  2020 | D:3      | XOM: scenery: 2 doors open
  2057 | D:3      | XOM: summons 4 friendly demons
  2247 | D:3      | Reached XP level 5. HP: 40/49 MP: 5/5
  2695 | D:3      | XOM: give mutations
  2695 | D:3      | Gained mutation: You are weak. (Str -2) [Xom's mischief]
  2695 | D:3      | Gained mutation: Your body sometimes deteriorates upon taking damage. [Xom's mischief]
  2695 | D:3      | Gained mutation: You are frail (-10% HP). [Xom's mischief]
  2743 | D:3      | Found a bloodstained altar of Trog.
  2746 | D:3      | Noticed a wizard
  2752 | D:3      | Killed a wizard
  2901 | D:3      | XOM: god gift: flail {god gift}
  3109 | D:3      | XOM: god gift: 16 sling bullets
  3245 | D:3      | Reached skill level 1 in Stealth
  3360 | D:3      | Found a shattered altar of Ashenzari.
  3524 | D:4      | Found a sand-covered staircase.
  3583 | D:4      | XOM is BORED!
  3583 | D:4      | XOM: mild Erth miscast
  3588 | D:4      | XOM: 2-stop teleportation journey
  3784 | D:4      | XOM: fog
  3789 | D:4      | Reached XP level 6. HP: 25/51 MP: 6/6
  3946 | D:4      | XOM: summons 3 friendly demons
  4066 | D:4      | Noticed Edmund
  4067 | D:4      | XOM: summons friendly ufetubus
  4074 | D:4      | XOM: scenery: create altars
  4083 | D:4      | Killed Edmund
  4083 | D:4      | Reached skill level 5 in Armour
  4083 | D:4      | Reached skill level 5 in Shields
  4083 | D:4      | Reached XP level 7. HP: 41/56 MP: 7/7
  4146 | D:4      | Found Gudghoytt's Magic Scroll Shoppe.
  4158 | D:4      | Bought a scroll of identify for 24 gold pieces
  4158 | D:4      | Bought a scroll of identify for 24 gold pieces
  4158 | D:4      | Bought a scroll of enchant armour for 90 gold pieces
  4292 | D:5      | Entered Level 5 of the Dungeon
  4295 | D:5      | Noticed Sigmund
  4306 | D:5      | Killed Sigmund
  4372 | D:5      | Noticed Grinder
  4373 | D:5      | Noticed Blork the orc
  4380 | D:5      | XOM: confuse monster(s)
  4401 | D:5      | Killed Blork the orc
  4401 | D:5      | Reached skill level 5 in Axes
  4409 | D:5      | Killed Grinder
  4483 | D:5      | Noticed Eustachio
  4499 | D:5      | Killed Eustachio
  4499 | D:5      | Reached XP level 8. HP: 42/65 MP: 8/8
  4546 | D:5      | Reached skill level 1 in Evocations
  4774 | D:5      | XOM: enchant monster (good)
  4795 | D:5      | XOM: mild Tloc miscast
  4800 | D:5      | Found a bloodstained altar of Trog.
  5016 | D:5      | XOM: fog
  5087 | D:5      | XOM: god gift: scroll labeled NELELY OMUESYZ
  5330 | D:5      | Reached skill level 1 in Maces & Flails
  5410 | D:5      | XOM: blink monster(s)
  5553 | D:5      | XOM: fog
  5695 | D:5      | XOM is BORED!
  5812 | D:6      | Reached skill level 5 in Dodging
  5835 | D:6      | Noticed a hill giant
  5837 | D:6      | XOM: cast spell 'Ring of Flames'
  5852 | D:6      | XOM: summons friendly quasit
  5859 | D:6      | XOM: summons 2 friendly demons
  5867 | D:6      | XOM: butterfly on damage
  5885 | D:6      | XOM: cast spell 'Ice Form'
  5886 | D:6      | XOM: cast spell 'Shadow Creatures'
  5894 | D:6      | Mangled by a hill giant

Skill      XL: |  1  2  3  4  5  6  7  8 |
---------------+-------------------------+-----
Fighting       | 3 4 |  4.9
Dodging        | 1 2 3 5 |  5.1
Shields        | 4 5 6 |  6.7
Axes           | 3 4 5 6 |  6.0
Armour         | 4 5 6 |  6.0
Stealth        | 1 |  1.5
Evocations     | 1 |  1.0
Maces & Flails | 2 |  2.1
Throwing       | |  0.5

Action                   |  1- 3 |  4- 6 |  7- 9 || total
-------------------------+-------+-------+-------++-------
Melee: War axe           |   151 |   158 |    69 ||   378
       Flail             |       |       |   196 ||   196
       Unarmed           |       |       |     2 ||     2
Throw: Tomahawk          |       |       |     2 ||     2
Evoke: Wand              |       |     5 |     6 ||    11
  Use: Scroll            |     8 |     3 |    12 ||    23
       Potion            |     2 |     5 |     2 ||     9
 Stab: Distracted        |       |       |     1 ||     1
  Eat: Bread ration      |     1 |       |     1 ||     2
       Meat ration       |       |     2 |       ||     2
Armor: Scale mail        |    53 |    74 |       ||   127
       Ring mail         |       |       |   137 ||   137
Dodge: Dodged            |    42 |    47 |   123 ||   212
Block: Shield            |    66 |   118 |   231 ||   415
